 Dungeon Crawl Stone Soup version 0.16.2-3-ga078185 (webtiles) character file.

74 gorblad the Skirmisher (level 4, -1/41 HPs)
             Began as a Minotaur Berserker on Sept 6, 2015.
             Was a Believer of Trog.
             Slain by a gnoll
             ... wielding a +0 spear
              (6 damage)
             ... on level 2 of the Dungeon.
             The game lasted 00:06:04 (1277 turns).

gorblad the Skirmisher (Minotaur Berserker)         Turns: 1277, Time: 00:06:04

Health: -1/41      AC:  5    Str: 22    XL:     4   Next: 9%
Magic:  2/2        EV: 10    Int:  4    God:    Trog [**....]
Gold:   71         SH:  0    Dex: 10    Spells: 0 memorised, 3 levels left

rFire  . . .     SeeInvis .     a - +0 falchion
rCold  . . .     Clarity  .     j - pearl dragon hide
rNeg   + . .     SustAb   .     (no shield)
rPois  .         Gourm    .     (helmet restricted)
rElec  .         Spirit   .     (no cloak)
rCorr  .         Warding  .     (no gloves)
rMut   .         Stasis   .     (no boots)
MR     .....                    (no amulet)
Stlth  ..........               (no ring)
                                (no ring)

@: exhausted, slowed, very slow, not resistant to hostile enchantments,
extremely unstealthy
A: retaliatory headbutt, horns 2
a: Burn Spellbooks, Berserk, Trog's Hand, Renounce Religion


You were on level 2 of the Dungeon.
You worshipped Trog.
Trog was pleased with you.
You were very hungry.

You visited 1 branch of the dungeon, and saw 2 of its levels.

You collected 71 gold pieces.

Inventory:

Hand weapons
 a - a +0 falchion (weapon)
Missiles
 n - 2 tomahawks (quivered)
Armour
 b - a +0 animal skin
 e - a +0 ring mail
 j - a pearl dragon hide (worn)
Scrolls
 d - 2 scrolls of random uselessness {unknown}
 i - a scroll of blinking {unknown}
 k - a scroll of fog {unknown}
 l - a scroll of identify {unknown}
 p - a scroll of noise {unknown}
Potions
 h - a potion of resistance {unknown}
 o - a potion of ambrosia {unknown}
 q - a potion of restore abilities {unknown}
Comestibles
 c - a bread ration
 f - 2 beef jerkies
 g - a slice of pizza


   Skills:
 + Level 4.4 Fighting
 + Level 4.1 Long Blades
 + Level 3.3 Armour
 + Level 2.5 Dodging
 + Level 1.1 Stealth


You had 3 spell levels left.
You didn't know any spells.

Dungeon Overview and Level Annotations

Branches:
Dungeon (2/15)

Altars:
Gozag


Innate Abilities, Weirdness & Mutations

You reflexively headbutt those who attack you in melee.
You have a pair of horns on your head.


Message History

The gnoll hits you with a spear. x3
* * * LOW HITPOINT WARNING * * *
You are too injured to fight recklessly!
You are too injured to fight recklessly!
You are too injured to fight recklessly!
You are too injured to fight recklessly!
You are too injured to fight recklessly!
You are too injured to fight recklessly!
You are too injured to fight recklessly!
You are too injured to fight recklessly!
You are too injured to fight recklessly!
You hit the gnoll. You headbutt the gnoll!
You kill the gnoll!
Trog accepts your kill.
You have reached level 4!
You feel stronger. The gnoll hits you with a spear!
* * * LOW HITPOINT WARNING * * *
You barely miss the gnoll. The gnoll hits you with a spear.
You die...

.# .# #... .# .# #.. ##
.. #.. ###### #.##.#
#...... ##..#.## #......
...... #......#########
#.#.#
#.....g).......###...###
#......@)......##.......
#....$.).......##.......
#..............##.......
#......>.......##.......
#..)...........##.......
#####..................
#########.######.## #.#
#.#. #.######...


You could see a gnoll.

Vanquished Creatures
  An adder (D:2)
  3 gnolls (D:2)
  2 giant geckos (D:2)
  A ball python (D:2)
  3 giant cockroaches (D:2)
  5 goblins
  4 hobgoblins
  3 kobolds
  3 bats
  A giant newt (D:1)
  A quokka (D:2)
  5 rats
32 creatures vanquished.

Notes
Turn   | Place    | Note
--------------------------------------------------------------
     0 | D:1      | gorblad, the Minotaur Berserker, began the quest for the Orb.
     0 | D:1      | Reached XP level 1. HP: 19/19 MP: 1/1
   480 | D:1      | Reached XP level 2. HP: 27/27 MP: 1/1
   707 | D:2      | Reached skill level 4 in Fighting
   944 | D:2      | Reached XP level 3. HP: 28/33 MP: 2/2
  1039 | D:2      | Acquired Trog's second power
  1039 | D:2      | Reached skill level 1 in Stealth
  1084 | D:2      | Found an opulent altar of Gozag.
  1276 | D:2      | Reached XP level 4. HP: 12/41 MP: 2/2
  1277 | D:2      | Slain by a gnoll

Action                   |  1- 3 |  4- 6 || total
-------------------------+-------+-------++-------
Melee: Falchion          |    61 |     1 ||    62
Throw: Tomahawk          |     2 |       ||     2
Invok: Berserk           |     3 |       ||     3
  Eat: Chunk             |     3 |       ||     3
